OTM
PROVIDENCE REDS @ BOSTON NINJA BLACK SOX
08/28/2085
 
TOP OF THE 1ST
Providence Reds batting - Pitching for Boston Ninja Black Sox : LHP Ismael García
Pitching: LHP Ismael García
Batting: SHB Taylor Sulzbach 0-0: Ball
1-0: Foul Ball, location: 2F
1-1: Ball
2-1: Called Strike
2-2: Fly out, F8 (Flyball, 78XD, EV 110.6 MPH)
Batting: RHB Manny Aguilar 0-0: Ground out 4-3 (Groundball, 4D, EV 104.4 MPH)
Batting: RHB Pat Bowe 0-0: Called Strike
0-1: Swinging Strike
0-2: Ball
1-2: Foul Ball, location: 23F
1-2: Strikes out swinging
Top of the 1st over - 0 runs, 0 hits, 0 errors, 0 left on base; Providence 0 - Boston 0
BOTTOM OF THE 1ST
Boston Ninja Black Sox batting - Pitching for Providence Reds : RHP Doug Murphy
Pitching: RHP Doug Murphy
Batting: LHB Pablo Reyes 0-0: Ball
1-0: Ball
2-0: Fly out, F8 (Flyball, 8LS, EV 95.6 MPH)
Batting: LHB Myron Floyd 0-0: Called Strike
0-1: Swinging Strike
0-2: Ball
1-2: Fly out, F9 (Flyball, 89M, EV 89.4 MPH)
Batting: LHB Jerry Minor 0-0: Ball
1-0: Ball
2-0: Ball
3-0: Foul Ball, location: 3SF
3-1: Called Strike
3-2: Strikes out swinging
Bottom of the 1st over - 0 runs, 0 hits, 0 errors, 0 left on base; Providence 0 - Boston 0
TOP OF THE 2ND
Providence Reds batting - Pitching for Boston Ninja Black Sox : LHP Ismael García
Batting: RHB Ruben Reza 0-0: Ball
1-0: Called Strike
1-1: Ball
2-1: Foul Ball, location: 5F
2-2: Foul Ball, location: 2F
2-2: Ball
3-2: Ground out 6-3 (Groundball, 6D, EV 97.5 MPH)
Batting: RHB Carlos Pérez 0-0: Foul Ball, location: 2F
0-1: Ball
1-1: Foul Ball, location: 2F
1-2: SINGLE (Line Drive, 8LS, EV 107.5 MPH)
Batting: LHB Zach Jones 0-0: SINGLE (Line Drive, 56D, EV 95.0 MPH)
Carlos Pérez to second
Batting: LHB Orlando Pérez 0-0: Ball
1-0: SINGLE (Groundball, 13S, EV 69.4 MPH) (infield hit)
Carlos Pérez to third
Zach Jones to second
Batting: RHB Eric Levi 0-0: Fly out, F8 (Flyball, 8LS, EV 91.9 MPH)
Batting: LHB Mario Lozano 0-0: Ball
1-0: Called Strike
1-1: Fly out, F9 (Flyball, 9, EV 76.9 MPH)
Top of the 2nd over - 0 runs, 3 hits, 0 errors, 3 left on base; Providence 0 - Boston 0
BOTTOM OF THE 2ND
Boston Ninja Black Sox batting - Pitching for Providence Reds : RHP Doug Murphy
Batting: SHB Michael Winwood 0-0: Ball
1-0: Swinging Strike
1-1: Called Strike
1-2: Ball
2-2: Ball
3-2: Base on Balls
Batting: SHB Matt Torres 0-0: Ball
1-0: Foul Ball, location: 5FF
1-1: Fielders Choice at 2nd, 4-6 (Groundball, 4M, EV 84.4 MPH)
Batting: RHB Danny Archuleta 0-0: Ball
1-0: Ball
2-0: 2-RUN HOME RUN (Flyball, 89XD, EV 101.9 MPH), Distance : 417 ft
Batting: LHB Luis Montano 0-0: Called Strike
0-1: Ball
1-1: Ball
2-1: SOLO HOME RUN (Flyball, 9D, EV 101.3 MPH), Distance : 373 ft
Batting: RHB Al Quijada 0-0: Called Strike
0-1: Ball
1-1: Ball
2-1: Foul Ball, location: 3FF
2-2: Ball
3-2: Base on Balls
Batting: RHB Sebastian Hornby 0-0: Fly out, F9 (Flyball, 9S, EV 91.3 MPH)
Batting: LHB Pablo Reyes 0-0: Ball
1-0: Fly out, F2 (Popup, 5SF, EV 87.5 MPH)
Bottom of the 2nd over - 3 runs, 2 hits, 0 errors, 1 left on base; Providence 0 - Boston 3
TOP OF THE 3RD
Providence Reds batting - Pitching for Boston Ninja Black Sox : LHP Ismael García
Batting: SHB Taylor Sulzbach 0-0: Called Strike
0-1: Foul Ball, location: 9LDF
0-2: Ball
1-2: Ball
2-2: Foul Ball, location: 2F
2-2: Foul Ball, location: 2F
2-2: Ground out 2-3 (Groundball, 2R, EV 68.8 MPH)
Batting: RHB Manny Aguilar 0-0: Ball
1-0: Foul Ball, location: 2F
1-1: Ground out U3 (Groundball, 34, EV 81.9 MPH)
Batting: RHB Pat Bowe 0-0: Ground out 5-3 (Groundball, 5L, EV 93.8 MPH)
Top of the 3rd over - 0 runs, 0 hits, 0 errors, 0 left on base; Providence 0 - Boston 3
BOTTOM OF THE 3RD
Boston Ninja Black Sox batting - Pitching for Providence Reds : RHP Doug Murphy
Batting: LHB Myron Floyd 0-0: Called Strike
0-1: Called Strike
0-2: SINGLE (Groundball, 4MD, EV 108.1 MPH)
Batting: LHB Jerry Minor 0-0: Foul Ball, location: 7LMF
0-1: Ball
1-1: Grounds into double play, 6-4-3 (Groundball, 6, EV 100.0 MPH)
Batting: SHB Michael Winwood 0-0: Ball
1-0: Swinging Strike
1-1: Fly out, F8 (Flyball, 8LXD, EV 102.5 MPH)
Bottom of the 3rd over - 0 runs, 1 hit, 0 errors, 0 left on base; Providence 0 - Boston 3
TOP OF THE 4TH
Providence Reds batting - Pitching for Boston Ninja Black Sox : LHP Ismael García
Batting: RHB Ruben Reza 0-0: Foul Ball, location: 2F
0-1: Ball
1-1: Ball
2-1: Ground out 6-3 (Groundball, 6M, EV 91.3 MPH)
Batting: RHB Carlos Pérez 0-0: Called Strike
0-1: Called Strike
0-2: Foul Ball, location: 5DF
0-2: Ball
1-2: Strikes out swinging
Batting: LHB Zach Jones 0-0: Ground out 4-3 (Groundball, 4, EV 84.4 MPH)
Top of the 4th over - 0 runs, 0 hits, 0 errors, 0 left on base; Providence 0 - Boston 3
BOTTOM OF THE 4TH
Boston Ninja Black Sox batting - Pitching for Providence Reds : RHP Doug Murphy
Batting: SHB Matt Torres 0-0: Called Strike
0-1: Ground out 6-3 (Groundball, 6, EV 86.3 MPH)
Batting: RHB Danny Archuleta 0-0: Ball
1-0: Swinging Strike
1-1: Swinging Strike
1-2: Foul Ball, location: 23F
1-2: Strikes out swinging passed ball, reaches first!
Batting: LHB Luis Montano 0-0: Ball
1-0: Ball
2-0: Called Strike
2-1: Ball
3-1: SINGLE (Line Drive, 89S, EV 100.0 MPH)
Danny Archuleta to second
Batting: RHB Al Quijada 0-0: Ball
1-0: Ball
2-0: Called Strike
2-1: Ball
3-1: Base on Balls
Danny Archuleta to third
Luis Montano to second
Batting: RHB Sebastian Hornby 0-0: Called Strike
0-1: Foul Ball, location: 2F
0-2: Ball
1-2: Fly out, F7 (Line Drive, 78M, EV 93.8 MPH)
Runner from 3rd tags up, SCORES, throw by LF
Batting: LHB Pablo Reyes 0-0: Foul Ball, location: 7LDF
0-1: Ground out 4-3 (Groundball, 34D, EV 99.4 MPH)
Bottom of the 4th over - 1 run, 1 hit, 0 errors, 2 left on base; Providence 0 - Boston 4
TOP OF THE 5TH
Providence Reds batting - Pitching for Boston Ninja Black Sox : LHP Ismael García
Batting: LHB Orlando Pérez 0-0: Ball
1-0: Ball
2-0: Called Strike
2-1: Fly out, F8 (Flyball, 8LM, EV 91.9 MPH)
Batting: RHB Eric Levi 0-0: Foul Ball, location: 25F
0-1: Ground out 1-3 (Groundball, 15, EV 66.3 MPH)
Batting: LHB Mario Lozano 0-0: Foul Ball, location: 5SF
0-1: Swinging Strike
0-2: Strikes out looking
Top of the 5th over - 0 runs, 0 hits, 0 errors, 0 left on base; Providence 0 - Boston 4
BOTTOM OF THE 5TH
Boston Ninja Black Sox batting - Pitching for Providence Reds : RHP Doug Murphy
Batting: LHB Myron Floyd 0-0: Ball
1-0: Ball
2-0: Called Strike
2-1: Foul Ball, location: 9LSF
2-2: Ball
3-2: Foul Ball, location: 7LDF
3-2: Base on Balls
Batting: LHB Jerry Minor 0-0: Swinging Strike
0-1: SINGLE (Line Drive, 6MD, EV 96.3 MPH)
Myron Floyd to second
Batting: SHB Michael Winwood 0-0: Ball
1-0: Ball
2-0: Ball
3-0: Called Strike
3-1: Foul Ball, location: 5F
3-2: Fly out, F7 (Flyball, 7D, EV 94.4 MPH)
Runner from 2nd tags up, SAFE at 3rd, no throw by LF
Batting: SHB Matt Torres 0-0: Ball
1-0: Foul Ball, location: 2F
1-1: Foul Ball, location: 3F
1-2: Ball
2-2: Ball
3-2: Foul Ball, location: 5F
3-2: Hit by Pitch
Jerry Minor to second
Batting: RHB Danny Archuleta 0-0: Swinging Strike
0-1: SINGLE (Groundball, 4MD, EV 105.0 MPH)
Myron Floyd scores
Jerry Minor to third
Matt Torres to second
Runner from 3rd tries for Home, SAFE, throw by CF to home
Batting: LHB Luis Montano 0-0: Called Strike
0-1: Swinging Strike
0-2: Ball
1-2: Strikes out swinging
Batting: RHB Al Quijada 0-0: Ball
1-0: Ball
2-0: Ball
3-0: Called Strike
3-1: SINGLE (Groundball, 4MD, EV 103.1 MPH)
Matt Torres to third
Danny Archuleta to second
Pitching: RHP Jared Drew
Batting: RHB Sebastian Hornby 0-0: Ball
1-0: DOUBLE (Flyball, 8RXD, EV 98.1 MPH)
Matt Torres scores
Danny Archuleta scores
Al Quijada to third
Runner from 3rd tries for Home, SAFE, throw by CF to home
Batting: LHB Pablo Reyes 0-0: Ball
1-0: Called Strike
1-1: Ball
2-1: Ball
3-1: Foul Ball, location: 3DF
3-2: Ground out U3 (Groundball, 3, EV 85.0 MPH)
Bottom of the 5th over - 5 runs, 4 hits, 0 errors, 1 left on base; Providence 0 - Boston 9
TOP OF THE 6TH
Providence Reds batting - Pitching for Boston Ninja Black Sox : LHP Ismael García
Batting: SHB Taylor Sulzbach 0-0: Ball
1-0: SINGLE (Groundball, 56S, EV 70.0 MPH) (infield hit)
Batting: RHB Manny Aguilar 0-0: Ball
1-0: Called Strike
1-1: Ball
2-1: Ball
3-1: Called Strike
3-2: SINGLE (Line Drive, 89S, EV 105.6 MPH)
Taylor Sulzbach to second
Runner from 2nd tries for 3rd, SAFE, no throw by RF
Batting: RHB Pat Bowe 0-0: Ball
Manny Aguilar steals 2nd base
1-0: Swinging Strike
1-1: Ball
2-1: Called Strike
2-2: SINGLE (Line Drive, 56D, EV 100.0 MPH)
Taylor Sulzbach scores
Manny Aguilar to third
Batting: RHB Ruben Reza 0-0: Ball
1-0: Ball
Pat Bowe steals 2nd base
2-0: Foul Ball, location: 2F
2-1: Foul Ball, location: 25F
2-2: Fly out, F9 (Flyball, 89M, EV 79.4 MPH)
Runner from 3rd tags up, SCORES, throw by RF
Pat Bowe to third
Batting: RHB Carlos Pérez 0-0: Swinging Strike
0-1: Ball
1-1: Foul Ball, location: 2F
1-2: Strikes out swinging
Pitching: RHP Donovan Dooks
Batting: LHB Zach Jones 0-0: Called Strike
0-1: Ball
1-1: Ball
2-1: Called Strike
2-2: Ground out 5-3 (Groundball, 25, EV 81.3 MPH)
Top of the 6th over - 2 runs, 3 hits, 0 errors, 1 left on base; Providence 2 - Boston 9
BOTTOM OF THE 6TH
Boston Ninja Black Sox batting - Pitching for Providence Reds : RHP Jared Drew
Batting: LHB Myron Floyd 0-0: Called Strike
0-1: Fly out, F9 (Flyball, 9, EV 91.9 MPH)
Batting: LHB Jerry Minor 0-0: Called Strike
0-1: Ball
1-1: Ball
2-1: Ground out 5-3 (Groundball, 5, EV 79.4 MPH)
Batting: SHB Michael Winwood 0-0: Ball
1-0: Foul Ball, location: 25F
1-1: Ball
2-1: Ball
3-1: Base on Balls
Batting: SHB Matt Torres 0-0: Ball
Wild Pitch!
Michael Winwood to second
1-0: SINGLE (Line Drive, 6M, EV 96.3 MPH)
Michael Winwood to third
Runner from 3rd tries for Home, SAFE, throw by CF to home
Batting: RHB Danny Archuleta 0-0: 2-RUN HOME RUN (Flyball, 7D, EV 98.1 MPH), Distance : 396 ft
Batting: LHB Luis Montano 0-0: Ball
1-0: Called Strike
1-1: Called Strike
1-2: Ball
2-2: Ball
3-2: Strikes out swinging
Bottom of the 6th over - 3 runs, 2 hits, 0 errors, 0 left on base; Providence 2 - Boston 12
TOP OF THE 7TH
Providence Reds batting - Pitching for Boston Ninja Black Sox : RHP Donovan Dooks
Batting: LHB Orlando Pérez 0-0: Ball
1-0: Ball
2-0: Fly out, F7 (Flyball, 78M, EV 96.3 MPH)
Batting: RHB Eric Levi 0-0: Swinging Strike
0-1: Called Strike
0-2: Ball
1-2: Foul Ball, location: 25F
1-2: Foul Ball, location: 2F
1-2: Strikes out looking
Batting: LHB Mario Lozano 0-0: Ball
1-0: Called Strike
1-1: Ball
2-1: Ball
3-1: Swinging Strike
3-2: Ground out 6-3 (Groundball, 56, EV 108.1 MPH)
Top of the 7th over - 0 runs, 0 hits, 0 errors, 0 left on base; Providence 2 - Boston 12
BOTTOM OF THE 7TH
Boston Ninja Black Sox batting - Pitching for Providence Reds : RHP Jared Drew
Batting: RHB Al Quijada 0-0: Called Strike
0-1: Swinging Strike
0-2: Ball
1-2: Ball
2-2: Strikes out looking
Batting: RHB Sebastian Hornby 0-0: Foul Ball, location: 23F
0-1: Ball
1-1: Swinging Strike
1-2: Strikes out swinging
Batting: LHB Pablo Reyes 0-0: Ball
1-0: Ball
2-0: Called Strike
2-1: Ball
3-1: Base on Balls
Pinch Hitting: RHB Victor Antunez 0-0: Ball
1-0: Ball
2-0: Called Strike
2-1: Ball
3-1: Called Strike
3-2: Foul Ball, location: 3F
3-2: Foul Ball, location: 9LMF
3-2: Strikes out swinging
Bottom of the 7th over - 0 runs, 0 hits, 0 errors, 1 left on base; Providence 2 - Boston 12
TOP OF THE 8TH
Providence Reds batting - Pitching for Boston Ninja Black Sox : RHP Donovan Dooks
Now at 1B: Victor Antunez
Batting: SHB Taylor Sulzbach 0-0: Ball
1-0: Ball
2-0: Called Strike
2-1: Ball
3-1: Fly out, F7 (Flyball, 7LM, EV 101.3 MPH)
Batting: RHB Manny Aguilar 0-0: Ball
1-0: Ground out 4-3 (Groundball, 4, EV 107.5 MPH)
Batting: RHB Pat Bowe 0-0: Ball
1-0: Called Strike
1-1: Ball
2-1: Ball
3-1: Foul Ball, location: 3SF
3-2: Base on Balls
Batting: RHB Ruben Reza 0-0: Ball
1-0: Fielders Choice at 2nd, 5-4 (Groundball, 56, EV 105.0 MPH)
Top of the 8th over - 0 runs, 0 hits, 0 errors, 1 left on base; Providence 2 - Boston 12
BOTTOM OF THE 8TH
Boston Ninja Black Sox batting - Pitching for Providence Reds : RHP Jared Drew
Pitching: LHP Raúl Cedeño
Batting: LHB Jerry Minor 0-0: Fly out, F7 (Flyball, 7LD, EV 104.4 MPH)
Batting: SHB Michael Winwood 0-0: Foul Ball, location: 2F
0-1: Ball
1-1: Foul Ball, location: 9LDF
1-2: Ball
2-2: Strikes out swinging, 2-3 out at first.
Batting: SHB Matt Torres 0-0: Ball
1-0: Called Strike
1-1: Foul Ball, location: 2F
1-2: Ball
2-2: Ball
3-2: Foul Ball, location: 2RF
3-2: Ground out 4-3 (Groundball, 34D, EV 105.6 MPH)
Bottom of the 8th over - 0 runs, 0 hits, 0 errors, 0 left on base; Providence 2 - Boston 12
TOP OF THE 9TH
Providence Reds batting - Pitching for Boston Ninja Black Sox : RHP Donovan Dooks
Pitching: RHP Pat Vega
Batting: RHB Carlos Pérez 0-0: Swinging Strike
0-1: Called Strike
0-2: Ball
1-2: Fly out, F9 (Flyball, 9D, EV 99.4 MPH)
Batting: LHB Zach Jones 0-0: Ball
1-0: Fly out, F6 (Popup, P, EV 80.6 MPH)
Batting: LHB Orlando Pérez 0-0: Fly out, F5 (Popup, 56S, EV 80.6 MPH)
Top of the 9th over - 0 runs, 0 hits, 0 errors, 0 left on base; Providence 2 - Boston 12
Sunday, April 7th , 2024 - OOTP Baseball 24.11 Build 85